 Dungeon Crawl Stone Soup version 0.22.1-2-g9c5b331383 (webtiles) character file.

7005 Gargoyl the Agent of Entropy (level 10, -7/83 HPs)
             Began as a Centaur Abyssal Knight on Nov 21, 2018.
             Was a Priest of Lugonu.
             Mangled by a spiny frog (18 damage)
             ... on level 1 of the Lair of Beasts on Nov 22, 2018.
             The game lasted 00:19:45 (14199 turns).

Gargoyl the Agent of Entropy (CeAK)                Turns: 14199, Time: 00:19:45

Health: -7/83      AC: 16    Str: 16    XL:     10   Next: 82%
Magic:  9/16       EV:  2    Int: 14    God:    Lugonu [***...]
Gold:   915        SH: 11    Dex: 13    Spells: 9/9 levels left

rFire    . . .     SeeInvis .   a - +4 hand axe
rCold    . . .     Gourm    .   e - +2 shield
rNeg     . . .     Faith    .   y - +0 plate armour
rPois    .         Spirit   .   s - +1 helmet {Int+3}
rElec    .         Reflect  .   (no cloak)
rCorr    .         Harm     .   t - +2 pair of gloves
MR       .....                  (no barding)
Stlth    ..........             (no amulet)
HPRegen  0.23/turn              i - +2 ring of dexterity
MPRegen  0.15/turn              (no ring)

@: lethally poisoned (-7 -> -11), slowed
A: large, hooves 3, deformed body, speed 2, tough skin 3
a: Depart the Abyss, Bend Space, Banish, Renounce Religion


You were on level 1 of the Lair of Beasts.
You worshipped Lugonu.
Lugonu was most pleased with you.
You were very hungry.

You visited 2 branches of the dungeon, and saw 10 of its levels.
You visited the Abyss 2 times.

You collected 915 gold pieces.

Inventory:

Hand Weapons
 a - a +4 hand axe (weapon)
Missiles
 n - 25 tomahawks (quivered)
Armour
 e - a +2 shield (worn)
 s - a +1 helmet of intelligence (worn)
 t - a +2 pair of gloves (worn)
 y - a +0 plate armour (worn)
Jewellery
 b - an uncursed amulet of the gourmand {unknown}
 i - a +2 ring of dexterity (left hand)
 v - an uncursed amulet of magic regeneration {unknown}
Wands
 f - a wand of disintegration (39)
 o - a wand of random effects (27)
 u - a wand of acid (8)
 x - a wand of flame (16)
 B - a wand of clouds (6)
Scrolls
 d - 2 scrolls of identify
 k - 3 scrolls of remove curse
 l - a scroll of fog
 m - a scroll of magic mapping
 p - a scroll of teleportation
Potions
 g - a potion of curing
 h - 3 potions of agility
 j - 3 potions of cancellation
 q - 3 potions of brilliance
 r - 2 potions of flight {unknown}
 z - 2 potions of might {unknown}
Comestibles
 c - 12 rations


   Skills:
 + Level 6.1 Fighting
 + Level 7.6 Axes
 + Level 1.9 Throwing
 * Level 7.2 Armour
 + Level 2.6 Dodging
 + Level 3.9 Shields
 * Level 8.3 Invocations
 + Level 0.2 Evocations


You had 9 spell levels left.
You didn't know any spells.
Your spell library contained the following spells:

 Spells                   Type           Power        Failure   Level  Hunger
 Beastly Appendage        Tmut           #.....       100%        1    ##.....
 Sticks to Snakes         Tmut           #.......     100%        2    ###....
 Spider Form              Tmut/Pois      #.........   100%        3    ####...
 Ice Form                 Ice/Tmut       #.......     100%        4    #####..
 Blade Hands              Tmut           #.........   100%        5    ######.


Dungeon Overview and Level Annotations

Branches:
Dungeon (9/15)             Temple (0/1) D:4            Lair (1/6) D:9
    Orc: D:9-12

Altars:
Elyvilon
Kikubaaqudgha
Okawaru
Ru
Uskayaw
Vehumet
Xom
Zin

Shops:
D:5 !

Annotations:
Lair:1 corrupted, Sonja


Innate Abilities, Weirdness & Mutations

You have hooves in place of feet.
Armour fits poorly on your strangely shaped body.
You cover ground very quickly.
You have extremely tough skin. (AC +3)


Message History

Sonja hits you with an uncursed dagger of venom.
* * * LOW HITPOINT WARNING * * *
You are more poisoned.
You feel better.
The thrashing horror tramples Sonja!
Sonja holds her ground!
The thrashing horror completely misses Sonja.
Sonja hits you but does no damage.
You are poisoned.
You block Sonja's attack. x2; The spiny frog stings you.
* * * LOW HITPOINT WARNING * * *
The small abomination hits Sonja!
The thrashing horror misses Sonja.
The thrashing horror tramples Sonja.
Sonja holds her ground!
The small abomination hits the polar bear but does no damage.
The red devil hits the polar bear from afar with a trident!!
The deep elf sorcerer gestures at the polar bear while chanting.
The bolt of acid hits the polar bear.
The polar bear is splashed with acid.
The acid corrodes the polar bear!
The polar bear dies!
The bolt of acid hits the hippogriff.
The hippogriff is splashed with acid.
The acid corrodes the hippogriff!
The spiny frog stings you!!
You die... #.## #...... #.#5. ####... #Z#1 #... # 4e#4 .... #.5.x ##... 5#.. #... #rH# ##F## ##@.# # #xKX#

.##### #25X.z# .....#
#.#..XXW# .....#
#....##..# #...# ###
#.X....####
#...###.###.x##.....
#..........#.P#......
##.<########.##..####


You could see a hippogriff, a spiny frog, Sonja, a porcupine, a neutral Hell
Sentinel, a neutral tentacled starspawn, a neutral deep elf sorcerer, 2 neutral
thrashing horrors, 2 neutral large abominations, a neutral freezing wraith, a
neutral tormentor, a neutral chaos spawn, a neutral red devil, 3 neutral small
abominations, a neutral flying skull, a neutral quasit, 2 neutral white imps, a
neutral ufetubus and a neutral frost giant skeleton.

Vanquished Creatures
  A wizard (D:9)
  Pikel (D:8)
  A troll (D:9)
  Sigmund (D:4)
  Grum (D:7)
  Eustachio (D:6)
  2 hungry ghosts
  Menkaure (D:6)
  2 soldier ants (D:8)
  A water moccasin (D:6)
  2 porcupines
  2 ice beasts
  2 sky beasts (D:6)
  A slave (D:8)
  3 orc warriors
  2 black bears (D:9)
  5 centaurs
  An ogre (D:7)
  A phantom (D:5)
  4 wolves (D:7)
  10 big kobolds
  6 bullfrogs
  2 scorpions
  3 jellies
  3 howler monkeys
  6 crimson imps
  A quasit (D:6)
  5 hounds
  2 centaur skeletons
  3 orc priests
  An iron imp (Abyss:2)
  Jessica (D:2)
  2 iguanas
  Natasha (twice) (D:4 D:3)
  2 orc wizards (D:7)
  7 worker ants
  A hound zombie (D:8)
  A howler monkey zombie (D:7)
  A worker ant zombie (D:7)
  10 gnolls
  9 adders
  A shadow imp (D:7)
  An ooze (D:7)
  3 adder skeletons
  7 worms
  2 dart slugs (D:1)
  3 leopard geckos
  16 orcs
  5 giant cockroaches
  14 hobgoblins
  8 jackals
  7 quokkas
  A ball python (D:7)
  12 bats
  2 frilled lizards
  9 goblins
  A jackal skeleton (D:4)
  60 kobolds
  A leopard gecko skeleton (D:4)
  9 rats
  2 fungi (D:9)
  2 plants (D:9)
  2 toadstools (D:1)
281 creatures vanquished.

Vanquished Creatures (others)
  A polar bear (Lair:1)
  3 electric eels (D:6)
  A bullfrog zombie (D:8)
  2 toadstools (D:1)
7 creatures vanquished.

Grand Total: 288 creatures vanquished

Notes
Turn   | Place    | Note
-------+----------+-------------------------------------------
     0 | Abyss:1  | Gargoyl the Centaur Abyssal Knight began the quest for the
                  | Orb.
     0 | Abyss:1  | Reached XP level 1. HP: 19/19 MP: 2/2
    96 | Abyss:2  | Noticed an iron imp
    97 | Abyss:2  | Killed an iron imp
    97 | Abyss:2  | Reached XP level 2. HP: 27/27 MP: 3/3
   100 | Abyss:2  | Noticed a wretched star
   101 | Abyss:2  | Noticed an efreet
   101 | D:1      | Escaped the Abyss
   111 | D:1      | Reached XP level 3. HP: 31/33 MP: 2/4
   280 | D:1      | Reached * piety under Lugonu
   764 | D:1      | Reached XP level 4. HP: 40/40 MP: 5/5
  1229 | D:2      | Found a radiant altar of Vehumet.
  1234 | D:2      | Reached skill level 1 in Dodging
  1249 | D:2      | Reached skill level 3 in Invocations
  1249 | D:2      | Reached XP level 5. HP: 33/46 MP: 7/7
  1326 | D:2      | Reached ** piety under Lugonu
  1510 | D:2      | Noticed Jessica
  1515 | D:2      | Killed Jessica
  1515 | D:2      | Reached skill level 1 in Shields
  2169 | D:3      | Found a white marble altar of Elyvilon.
  2416 | D:3      | Reached XP level 6. HP: 30/52 MP: 8/8
  2928 | D:4      | Noticed Natasha
  2934 | D:4      | Killed Natasha
  2935 | D:4      | Reached *** piety under Lugonu
  3186 | D:4      | Found a staircase to the Ecumenical Temple.
  3210 | D:4      | Found a hide-covered altar of Uskayaw.
  3249 | D:4      | Noticed Sigmund
  3253 | D:4      | Noticed Natasha
  3465 | D:3      | Killed Natasha
  3651 | D:4      | Killed Sigmund
  3651 | D:4      | Reached XP level 7. HP: 40/59 MP: 9/9
  4129 | D:4      | Reached skill level 4 in Invocations
  4463 | D:4      | Reached **** piety under Lugonu
  4626 | D:4      | Reached XP level 8. HP: 35/67 MP: 11/11
  5250 | D:5      | Entered Level 5 of the Dungeon
  5284 | D:5      | Reached skill level 5 in Invocations
  5479 | D:5      | Found Botif's Distillery.
  5523 | D:5      | Reached skill level 5 in Axes
  5523 | D:5      | Reached skill level 1 in Throwing
  5853 | D:5      | Found an ancient bone altar of Kikubaaqudgha.
  6052 | D:6      | Reached skill level 5 in Fighting
  6374 | D:6      | Reached skill level 5 in Armour
  6551 | D:6      | Reached XP level 9. HP: 67/74 MP: 13/13
  6594 | D:6      | Noticed Menkaure
  6606 | D:6      | Killed Menkaure
  6606 | D:6      | Reached skill level 6 in Invocations
  7792 | D:6      | Noticed Eustachio
  7952 | D:6      | Killed Eustachio
  7952 | D:6      | Reached skill level 7 in Invocations
  9357 | D:7      | Found an iron altar of Okawaru.
  9667 | D:8      | Identified a scroll of acquirement
  9731 | D:8      | Found a shimmering altar of Xom.
  9919 | D:8      | Noticed Grum
 10083 | D:8      | Reached XP level 10. HP: 78/82 MP: 15/15
 10153 | D:7      | HP: 2/83 [wolf[Grum] (6)]
 10439 | D:7      | Killed Grum
 10769 | D:8      | Found a sacrificial altar of Ru.
 10808 | D:8      | Noticed Pikel
 10831 | D:8      | Killed Pikel
 11833 | D:9      | Reached ***** piety under Lugonu
 12473 | D:8      | Reached skill level 8 in Invocations
 13275 | D:9      | Found a glowing silver altar of Zin.
 13316 | D:9      | Found a staircase to the Lair.
 13492 | D:9      | Noticed a wizard
 13492 | D:9      | Cast into level 2 of the Abyss (a wizard)
 13569 | Abyss:2  | Noticed a guardian serpent
 13572 | D:9      | Escaped the Abyss
 13591 | D:9      | Killed a wizard
 14079 | Lair:1   | Entered Level 1 of the Lair of Beasts
 14147 | Lair:1   | Noticed a spiny frog
 14151 | Lair:1   | Noticed Sonja
 14198 | Lair:1   | Corrupted Lair:1
 14198 | Lair:1   | Noticed a deep elf sorcerer
 14198 | Lair:1   | Noticed a large abomination
 14198 | Lair:1   | Noticed a thrashing horror
 14198 | Lair:1   | Noticed a tentacled starspawn
 14198 | Lair:1   | Noticed a large abomination
 14198 | Lair:1   | Noticed a thrashing horror
 14198 | Lair:1   | HP: 2/83 [Sonja/uncursed dagger of venom (1)]
 14199 | Lair:1   | Mangled by a spiny frog

Skill      XL: |  1  2  3  4  5  6  7  8  9 10 |
---------------+-------------------------------+-----
Axes           | 2 3 4 5 6 7 |  7.6
Fighting       | 4 5 6 |  6.1
Armour         | 2 3 4 5 7 |  7.2
Dodging        | 1 2 |  2.6
Invocations    | 3 4 5 7 8 |  8.3
Shields        | 1 2 3 |  3.9
Throwing       | 1 |  1.9
Evocations     | |  0.2

Action                   |  1- 3 |  4- 6 |  7- 9 | 10-12 || total
-------------------------+-------+-------+-------+-------++-------
Melee: Hand axe          |    60 |   204 |   439 |   303 ||  1006
       Kick              |     8 |    43 |   114 |    94 ||   259
Throw: Tomahawk          |       |     4 |    37 |     4 ||    45
Invok: Depart the Abyss  |     1 |       |       |     1 ||     2
       Banish            |       |       |     4 |       ||     4
       Bend Space        |       |       |       |     2 ||     2
       Corrupt           |       |       |       |     1 ||     1
Evoke: Wand              |     1 |       |     2 |       ||     3
  Use: Potion            |     1 |     1 |       |     6 ||     8
       Scroll            |     1 |     9 |     6 |     1 ||    17
  Eat: Chunk             |       |     7 |    21 |     7 ||    35
       Ration            |       |       |       |     3 ||     3
Armor: Leather armour    |    24 |       |       |       ||    24
       Scale mail        |     8 |   100 |   175 |       ||   283
       Chain mail        |       |       |    34 |   128 ||   162
       Plate armour      |       |       |       |    55 ||    55
Dodge: Dodged            |    16 |    39 |   105 |    34 ||   194
Block: Shield            |    40 |   109 |   285 |   191 ||   625
